 Dungeon Crawl Stone Soup version 0.28-a0-247-gb8bfbab023 (webtiles) character file.

Game seed: 1319962938583966303

121 speeev33 the Skirmisher (level 5, -3/46 (48) HPs)
             Began as a Hill Orc Fighter on Aug 25, 2021.
             Slain by a wight (5 damage)
             ... on level 3 of the Dungeon.
             The game lasted 00:05:28 (1973 turns).

speeev33 the Skirmisher (Hill Orc Fighter)          Turns: 1973, Time: 00:05:28

HP:   -3/46 (48)    AC:  9    Str: 20    XL:     5   Next: 5%
MP:   5/5           EV:  5    Int:  8    God:
Gold: 94            SH:  8    Dex: 10    Spells: 4/4 levels left

rFire   . . .      SeeInvis .   a - +0 war axe
rCold   . . .      Faith    .   c - +0 kite shield
rNeg    . . .      Spirit   .   i - +0 chain mail
rPois   .          Reflect  .   (no helmet)
rElec   .          Harm     .   (no cloak)
rCorr   .          Rampage  .   (no gloves)
Will    .....                   (no boots)
Stlth   ..........              (no amulet)
HPRegen 0.15/turn               (no ring)
MPRegen 0.09/turn               (no ring)

@: lightly drained
A: no striking features
a: no special abilities


You were on level 3 of the Dungeon.
You visited 1 branch of the dungeon, and saw 3 of its levels.

You collected 94 gold pieces.

Inventory:

Hand Weapons
 a - a +0 war axe (weapon)
 b - a +0 flail
Armour
 c - a +0 kite shield (worn)
 i - a +0 chain mail (worn)
Scrolls
 h - 3 scrolls of teleportation {unknown}
 j - a scroll of identify {unknown}
Potions
 d - 2 potions of might
 f - a potion of flight {unknown}
 g - a potion of curing {unknown}


   Skills:
 + Level 5.4 Fighting
 + Level 5.1 Axes
 - Level 3.2 Armour
 - Level 3.2 Shields


You had 4 spell levels left.
You didn't know any spells.
Your spell library contained the following spells:

 Spells                   Type           Power      Damage    Failure   Level
 Olgreb's Toxic Radiance  Pois           0%         N/A       100%        4
 Ozocubu's Refrigeration  Ice            0%         4d5       100%        7
 Ignition                 Fire           0%         3d3       100%        8


Dungeon Overview and Level Annotations

Branches:
Dungeon (3/15)

Altars:

Annotations:
D:2 1 runed translucent door, Crazy Yiuf
D:3 Grinder


Message History

Grinder gestures at you. You resist with significant effort.
Grinder struggles against the net.
You hit Grinder but do no damage.
A wight comes into view. It is wielding a +3 trident.
You hit Grinder but do no damage. You closely miss the orc.
Grinder struggles against the net.
The orc hits you but does no damage.
Unknown command.
You slash Grinder!
Grinder is moderately wounded.
You closely miss the orc. The orc closely misses you. Grinder gestures at you.
Pain shoots through your body!
Grinder struggles against the net.
The net rips apart, and Grinder comes free!
The wight hits you with a +3 short sword.
You feel drained. The orc barely misses you.
You closely miss Grinder.
Grinder is moderately wounded.
You hit the wight.
Your shield and chain mail prevent you from hitting the orc.
The orc barely misses you. Grinder barely misses you.
The wight hits you with a +3 short sword.
* * * LOW HITPOINT WARNING * * *
You slash Grinder!
Grinder is heavily wounded.
You barely miss the wight. You hit the orc but do no damage.
You block the orc's attack.
Grinder blinks!
You block the wight's attack.
The wight hits you from afar with a +3 trident!
* * * LOW HITPOINT WARNING * * *
The orc hits you with a +0 short sword.
* * * LOW HITPOINT WARNING * * *
The wight hits you but does no damage.
The wight hits you from afar with a +3 trident.
* * * LOW HITPOINT WARNING * * *
You feel drained.
As you read the scroll labelled ADYCIH FAMAPHOGH, it crumbles to dust.
It is a scroll of amnesia.
You feel forgetful for a moment. The orc hits you but does no damage.
You block the wight's attack.
The wight hits you from afar with a +3 trident.
You die...

##........ #.......(..
.......... .......#
##.....## . #.......# #.
#.......# # ...####
###.......#.###
....<.####.†....@o.....#
....#.##...###..z5......
#.#.#..#.### ###..z.....
# #.##...# #........ #.
###....# #........ ##
..##.# #........ .## .#
#........ .. #........
.. ##.......


You could see Grinder, 2 wights and an orc.

Vanquished Creatures
  Terence (D:2)
  2 adders (D:2)
  3 worms (D:2)
  A dart slug (D:1)
  4 ball pythons (D:2)
  3 endoplasms
  3 giant cockroaches
  5 goblins
  6 hobgoblins
  8 jackals (D:1)
  5 kobolds
  4 quokkas
  4 bats (D:1)
  5 frilled lizards
  7 rats (D:1)
61 creatures vanquished.

Notes
Turn   | Place    | Note
-------+----------+-------------------------------------------
     0 | D:1      | speeev33 the Hill Orc Fighter began the quest for the Orb.
     0 | D:1      | Reached XP level 1. HP: 19/19 MP: 1/1
    65 | D:1      | Reached XP level 2. HP: 26/27 MP: 2/2
   227 | D:1      | Reached XP level 3. HP: 11/34 MP: 3/3
   456 | D:1      | Found a faded altar of an unknown god.
  1157 | D:2      | Reached XP level 4. HP: 41/41 MP: 4/4
  1364 | D:2      | Noticed Terence
  1371 | D:2      | Reached skill level 5 in Fighting
  1371 | D:2      | Killed Terence
  1454 | D:2      | Found a runed translucent door.
  1455 | D:2      | Noticed Crazy Yiuf
  1726 | D:2      | Reached skill level 5 in Axes
  1759 | D:2      | Reached XP level 5. HP: 47/48 MP: 5/5
  1940 | D:3      | Noticed Grinder
  1951 | D:3      | Paralysed by Grinder for 2 turns
  1972 | D:3      | HP: 2/47 [wight (1)]
  1973 | D:3      | Slain by a wight

Illustrated notes

Levels and vault maps discovered:
D:1:      minmay_arrival_arboretum_small, layout_basic, basic_ecumenical_altar
D:2:      layout_rooms, kennysheep_donut, uniq_crazy_yiuf_cottage, uniq_terence
D:3:      layout_rooms, uniq_robin, uniq_grinder

Skill      XL: |  1  2  3  4 |
---------------+-------------+-----
Axes           | 3 4 5 |  5.1
Fighting       | 4 5 |  5.4
Armour         | |  3.2
Shields        | |  3.2

Action                   |  1- 3 |  4- 6 || total
-------------------------+-------+-------++-------
Melee: War axe           |   112 |    52 ||   164
Throw: Throwing net      |       |     4 ||     4
  Use: Potion            |       |     1 ||     1
       Scroll            |       |     1 ||     1
Armor: Scale mail        |    51 |     6 ||    57
       Chain mail        |       |    16 ||    16
Dodge: Dodged            |    36 |    16 ||    52
Block: Kite shield       |    42 |    22 ||    64

Table legend: (Time is in decaauts)
 A = Elapsed time spent in this place.
 B = Non-inter-level travel time spent in this place.
 C = Inter-level travel time spent in this place.
 D = Time resting spent in this place.
 E = Time spent auto-exploring this place.
 F = Levels seen in this place.
 G = Mean time per level.
                   A        B        C        D        E       F      G
               +--------+--------+--------+--------+--------+-----+--------+
         Total |   2061 |   2015 |     46 |    527 |    592 |   3 |  687.0 |
       Dungeon |   2061 |   2015 |     46 |    527 |    592 |   3 |  687.0 |
               +--------+--------+--------+--------+--------+-----+--------+

Top non-repeatable levels by time:
     D:1: 1032 daAuts
     D:2: 975 daAuts
     D:3: 53 daAuts
